 Dungeon Crawl Stone Soup version 0.25-a0-663-gace7076 (webtiles) character file.

Game seed: 9101985241027228583, levelgen mode: deterministic

210 Faca the Skirmisher (level 6, 0/50 HPs)
             Began as a Human Fighter on Mar 25, 2020.
             Slain by an orc (4 damage)
             ... on level 4 of the Dungeon.
             The game lasted 00:05:42 (3177 turns).

Faca the Skirmisher (Human Fighter)                 Turns: 3177, Time: 00:05:43

Health: 0/50       AC: 11    Str: 19    XL:     6   Next: 12%
Magic:  6/6        EV:  5    Int:  8    God:
Gold:   124        SH: 10    Dex: 12    Spells: 5/5 levels left

rFire    . . .     SeeInvis .   a - +1 long sword
rCold    . . .     Gourm    .   c - +1 kite shield
rNeg     . . .     Faith    .   i - +0 chain mail
rPois    .         Spirit   .   b - +0 helmet
rElec    .         Reflect  .   (no cloak)
rCorr    +         Harm     .   t - +0 pair of gloves
MR       .....                  (no boots)
Stlth    ..........             (no amulet)
HPRegen  0.16/turn              (no ring)
MPRegen  0.10/turn              j - ring of resist corrosion

@: mighty
A: no striking features
a: no special abilities


You were on level 4 of the Dungeon.
You were hungry.

You visited 1 branch of the dungeon, and saw 4 of its levels.

You collected 124 gold pieces.

Inventory:

Hand Weapons
 a - a +1 long sword (weapon)
Missiles
 g - 2 boomerangs (quivered)
Armour
 b - a +0 helmet (worn)
 c - a +1 kite shield (worn)
 i - a +0 chain mail (worn)
 t - a +0 pair of gloves (worn)
Jewellery
 j - a ring of resist corrosion (right hand)
Scrolls
 e - a scroll of identify
 h - 3 scrolls of teleportation
 m - a scroll of blinking {unknown}
 n - 2 scrolls of enchant armour
 p - a scroll of fog {unknown}
 u - a scroll of remove curse
Potions
 d - a potion of might
 k - 3 potions of haste
 o - a potion of invisibility
 s - a potion of berserk rage
 v - 2 potions of flight
Comestibles
 f - 10 rations


   Skills:
 + Level 4.9 Fighting
 + Level 4.3 Long Blades
 - Level 3.0 Armour
 - Level 3.0 Shields


You had 5 spell levels left.
You didn't know any spells.
Your spell library was empty.

Dungeon Overview and Level Annotations

Branches:
Dungeon (4/15)
 Temple: D:4-7

Altars:
Ashenzari
Wu Jian

Annotations:
D:3 1 runed translucent door, DankestMemes's ghost, amateur TeCj


Message History

The orc hits you but does no damage.
You slash the orc wizard!
You kill the orc wizard!
You have reached level 6!
Your experience leads to an increase in your attributes!
Increase (S)trength, (I)ntelligence, or (D)exterity?
You feel stronger. You block the orc wizard's attack.
The orc barely misses you. The orc hits you.
* * * LOW HITPOINT WARNING * * *
The orc wizard looks satisfied for a moment.
Your shield and chain mail prevent you from hitting the orc wizard.
The orc wizard is heavily wounded.
You block the orc wizard's attack. You block the orc's attack.
The orc hits you but does no damage.
You closely miss the orc wizard.
The orc wizard is heavily wounded.
You are feeling hungry.
The orc wizard hits you but does no damage.
The orc hits you.
You die...

#..†.......#...........
#..........#...........
#..........#...........
#..........#...........
#..........#.....######
#..........#.....#.....
#....##....#.....#.....
##+####....#.....#.....
#....o@)...#.....#.....
#....oo....#.....'.....
#..........#.....#.....
#..........#.....#.....
#...###...##.....###'##
#... #...#............
#.. ....#............
#.. ...#............
#............


You could see an orc wizard and 2 orcs.

Vanquished Creatures
  A jelly (D:3)
  An orc wizard (D:4)
  Natasha (D:3)
  A worker ant (D:4)
  3 adders
  3 worms
  3 dart slugs
  2 leopard geckos (D:3)
  8 orcs
  3 ball pythons
  5 giant cockroaches
  5 goblins
  A hobgoblin (D:2)
  6 kobolds
  6 bats
  3 frilled lizards
  A jackal skeleton (D:3)
  2 rats
55 creatures vanquished.

Vanquished Creatures (others)
  A fungus (D:2)
1 creature vanquished.

Grand Total: 56 creatures vanquished

Notes
Turn   | Place    | Note
-------+----------+-------------------------------------------
     0 | D:1      | Faca the Human Fighter began the quest for the Orb.
     0 | D:1      | Reached XP level 1. HP: 18/18 MP: 1/1
   196 | D:1      | Reached XP level 2. HP: 24/24 MP: 2/2
   867 | D:2      | Reached XP level 3. HP: 16/29 MP: 3/3
  1133 | D:2      | Found a shattered altar of Ashenzari.
  1137 | D:2      | Saw a vision of the Swamp and the Spider Nest.
  1137 | D:2      | Noticed a redback
  1137 | D:2      | Noticed a redback
  1137 | D:2      | Noticed an alligator
  1137 | D:2      | Noticed an alligator
  1139 | D:2      | Noticed a hornet
  1140 | D:2      | Noticed a redback
  1141 | D:2      | Noticed a redback
  1179 | D:2      | Found an ornate altar of the Wu Jian Council.
  1220 | D:2      | Found a faded altar of an unknown god.
  1543 | D:3      | Found a runed translucent door.
  1545 | D:3      | Reached XP level 4. HP: 30/37 MP: 4/4
  1606 | D:3      | Noticed DankestMemes's ghost (amateur TeCj)
  2139 | D:3      | Reached XP level 5. HP: 37/42 MP: 5/5
  2151 | D:3      | Noticed Natasha
  2158 | D:3      | Killed Natasha
  3175 | D:4      | Reached XP level 6. HP: 5/50 MP: 6/6
  3177 | D:4      | Slain by an orc

Levels and vault maps discovered:
D:1:      minmay_arrival_loop, layout_basic
D:2:      layout_basic, marbit_many_paths, chequers_ecumenical_altar_grove,
          grunt_ashenzari_visionary [grunt_ashenzari_visionary_swamp,
          grunt_ashenzari_visionary_spider]
D:3:      layout_basic, first_ration, ebering_ghost_sewer_d, uniq_natasha
D:4:      layout_gridville

Skill      XL: |  1  2  3  4  5 |
---------------+----------------+-----
Long Blades    | 3 4 |  4.3
Fighting       | 4 |  4.9
Armour         | |  3.0
Shields        | |  3.0

Action                   |  1- 3 |  4- 6 || total
-------------------------+-------+-------++-------
Melee: Long sword        |    78 |   133 ||   211
  Use: Scroll            |     7 |     8 ||    15
       Potion            |       |     3 ||     3
  Eat: Chunk             |     2 |     5 ||     7
Armor: Scale mail        |    27 |    16 ||    43
       Chain mail        |       |   116 ||   116
Dodge: Dodged            |    19 |    40 ||    59
Block: Kite shield       |    43 |    89 ||   132
       Rpst.: Long sword |     5 |     6 ||    11

Table legend:
 A = Non-vault XP
 B = Vault XP
 C = Vault XP percentage of total XP
 D = Non-vault monster count
 E = Vault monster count
 F = Vault count percentage of total count
                 A         B        C        D         E       F
            +---------+---------+-------+---------+---------+-------
      Total |     263 |      38 |  12.6 |      53 |       2 |   3.6
            +---------+---------+-------+---------+---------+-------
        D:1 |      13 |       0 |   0.0 |       6 |       0 |   0.0
        D:2 |      36 |       2 |   5.3 |      15 |       1 |   6.2
        D:3 |      98 |      36 |  26.9 |      19 |       1 |   5.0
        D:4 |     116 |       0 |   0.0 |      13 |       0 |   0.0
            +---------+---------+-------+---------+---------+-------
